[Event "NJSK 2023 Jeugd C"]
[Site "Almelo, Netherlands"]
[Date "2023.05.06"]
[Round "9.13"]
[White "De Wit, Evan"]
[Black "Ten Kate, Gustav"]
[Result "1/2-1/2"]
[TimeControl "90min/40moves + 30min + 30sec/move"]
[WhiteElo "1563"]
[BlackElo "1815"]

1. e4 b6 2. d4 Bb7 3. Nc3 e6 4. a3 Nf6 5. Bd3 c5 6. Nf3 cxd4 7. Nxd4 Be7 8. O-O O-O 9. Kh1 d5 10.
e5 Ne4 11. Qg4 Re8 12. Nxe4 dxe4 13. Bxe4 Bxe4 14. Qxe4 Qd5 15. Qxd5 exd5 16. f4 Rc8 17. Be3 Bc5 18. c3 Bxd4 19.
Bxd4 Nc6 20. Rac1 Rc7 21. Rfd1 Na5 22. Rd3 Rd7 23. f5 Re8 24. Re1 g5 25. Rg3 h6 26. h4 Nc4 27. Re2 Nd6 28.
hxg5 Nxf5 29. Rh3 Nxd4 30. cxd4 Rc7 31. Rxh6 Kg7 32. Rd6 Rc4 33. Rxd5 Kg6 34. Kh2 Kxg5 35. e6+ f5 36. Ree5 Kg4 37.
Rxf5 Rxe6 38. Rg5+ Kf4 39. Rdf5+ Ke4 40. Rf7 a5 41. Re5+ Rxe5 42. dxe5 Rc6 43. Rb7 Kxe5 44. Kg3 Kf5 45.
Kf3 Rd6 46. g4+ Kg5 47. Ke4 Kxg4 48. Ke5 Rc6 49. Kd5 Rc5+ 50. Kd6 Rb5 51. Kc6 Rxb2 52. Rxb6 Ra2 53. Rb3 Kf5 54. Rb5+ Ke6 55.
Rxa5 Rc2+ 56. Kb7 Kd6 1/2-1/2

[Event "NJSK 2023 Jeugd C"]
[Site "Almelo, Netherlands"]
[Date "2023.05.06"]
[Round "9.14"]
[White "Zootjes, Aäron"]
[Black "Chua, Ethan"]
[Result "0-1"]
[TimeControl "90min/40moves + 30min + 30sec/move"]
[WhiteElo "1172"]
[BlackElo "1776"]

1. e4 c6 2. d4 d5 3. exd5 cxd5 4. c4 Nf6 5. Nf3 Bg4 6. Nc3 e6 7. h3 Bh5 8. Bf4 Nc6 9. c5 Ne4 10.
Nb5 Rc8 11. g4 Bg6 12. Qa4 a6 13. Na7 Qf6 14. Nxc8 Qxf4 15. Bg2 e5 16. O-O exd4 17. Nxd4 Bxc5 18. Bxe4 Bxe4 19. Nxc6 Qg3# 0-1

[Event "NJSK 2023 Jeugd C"]
[Site "Almelo, Netherlands"]
[Date "2023.05.06"]
[Round "9.15"]
[White "Verwer, Oscar"]
[Black "Frederiks, Jesse"]
[Result "0-1"]
[TimeControl "90min/40moves + 30min + 30sec/move"]
[WhiteElo "1549"]
[BlackElo "1510"]

1. e4 e6 2. Nf3 d5 3. e5 c5 4. b4 c4 5. c3 Ne7 6. d3 cxd3 7. Bxd3 Ng6 8. Nbd2 Qc7 9. Bb2 Nc6 10.
Bc2 Ncxe5 11. O-O Bd6 12. Rc1 O-O 13. Nxe5 Bxe5 14. Nf3 Bf6 15. Qd2 Bd7 16. Rfd1 Bb5 17. Qe3 Bc4 18. Bb3 b5 19.
Nd4 Rfc8 20. Re1 Qf4 21. Qh3 Qh4 22. Qxh4 Bxh4 23. Bxc4 bxc4 24. a4 Bf6 25. Rcd1 Nf4 26. b5 Nd3 27.
Re2 Bxd4 28. cxd4 Nxb2 29. Rxb2 Kf8 30. Kf1 Ke7 31. Ke2 Rab8 32. f4 Rc7 33. g3 Rcb7 34. Rdb1 Kd6 35. a5 c3 36.
a6 Rb6 37. Rc2 Rxb5 38. Rxb5 Rxb5 39. Rxc3 Ra5 40. Rc8 Rxa6 41. Rg8 g6 42. Rg7 Ra2+ 43. Kf3 Rxh2 44. Rxf7 a5 45. Ra7 a4 46.
Rxa4 Ke7 47. Kg4 Kf6 48. Ra8 Rd2 49. Ra4 h5+ 50. Kf3 Rd3+ 51. Kg2 Kf5 52. Kf2 Kg4 53. Ra6 Rxd4 54. Rxe6 Kf5 55.
Re5+ Kf6 56. Re1 Ra4 57. Re2 d4 58. Re4 Ra2+ 59.
Kf3 Rd2 60. Re1 Rd3+ 61. Kf2 Ra3 62. Rd1 d3 63. Ke3 Kf5 0-1

[Event "NJSK 2023 Jeugd C"]
[Site "Almelo, Netherlands"]
[Date "2023.05.06"]
[Round "10.1"]
[White "Wink, Luka"]
[Black "Van Batenburg, Mees"]
[Result "0-1"]
[TimeControl "90min/40moves + 30min + 30sec/move"]
[WhiteElo "1849"]
[BlackElo "2054"]

1. e4 c5 2. Nf3 Nc6 3. d4 cxd4 4. Nxd4 e5 5. Nb5 d6 6. c4 g6 7. N1c3 a6 8. Na3 Be6 9. Bd3 Nf6 10. Nc2 h6 11. O-O Bg7 12. b3 O-O 13.
Bb2 Rc8 14. Ne3 Ne8 15. a4 Nd4 16. Ncd5 f5 17. exf5 gxf5 18. Bxd4 exd4 19. Nc2 Bxd5 20. cxd5 Qa5 21. Qe1 Qxe1 22.
Rfxe1 Be5 23. g3 Rc3 24. Rad1 Rxb3 25. Bf1 f4 26. Nxd4 Bxd4 27. Rxd4 fxg3 28. fxg3 Ng7 29. Bh3 Rb2 30. Be6+ Kh7 31. Rf1 Rxf1+ 32. Kxf1 Rxh2 33. Rb4 Rh1+ 34. Kg2 Ra1 35. Bc8 a5 36. Rc4 b6 37. Bd7 Rd1 38. Bc6 Nf5 39. Rc3 Kg7 40. Rb3 Kf6 41.
Rxb6 Rd3 42. g4 Rg3+ 43.
Kf2 Rxg4 44. Ra6 h5 45. Rxa5 h4 46. Ra8 h3 47. Rh8 Rg2+ 48. Kf1 Ng3+ 49. Ke1 h2 50. a5 h1=Q+ 51. Rxh1 Nxh1 52. a6 Ra2 53. Bb7 Ng3 54. Kd1 Ne4 55. Ke1 Nc5 56. Kf1 Nxb7 0-1

[Event "NJSK 2023 Jeugd C"]
[Site "Almelo, Netherlands"]
[Date "2023.05.06"]
[Round "11.1"]
[White "Madularea, David"]
[Black "Wink, Luka"]
[Result "1-0"]
[TimeControl "90min/40moves + 30min + 30sec/move"]
[WhiteElo "1895"]
[BlackElo "1849"]

1. Nf3 d5 2. g3 c5 3. Bg2 Nc6 4. O-O e5 5. d3 Nf6 6. Nbd2 Be7 7. e4 dxe4 8. dxe4 Be6 9. c3 O-O 10.
Qc2 Qc7 11. a4 a6 12. Re1 b5 13. Ng5 Bd7 14. Bf1 Qb7 15. Qb3 b4 16. a5 h6 17. Ngf3 Qc7 18. Qa2 Bd8 19. cxb4 cxb4 20. b3 Qxa5 21. Qxa5 Nxa5 22.
Nxe5 Be6 23. Bc4 Nxc4 24. Ndxc4 Bc7 25. Re3 Rfd8 26. Bb2 Nd7 27. Nc6 Re8 28. Nxb4 Nc5 29. Rc1 a5 30. Nd5 Bxd5 31. exd5 Rxe3 32. Nxe3 Bd6 33. Nf5 Bf8 34. Rc3 Rb8 35.
Nd4 a4 36. Kg2 Nxb3 37. Nxb3 Rxb3 38. Rxb3 axb3 39. Kf3 Bc5 40. Ke2 Kf8 41. f4 Ke7 42. Kd3 f6 43. Kc4 Bg1 44. h3 Bh2 45. Kxb3 Bxg3 46. f5 Kd6 47. Kc4 Be5 48. Ba3+ Kd7 49.
Kd3 Bc7 50. Ke4 Be5 51. Kf3 h5 52. Bf8 Bc3 53. Bxg7 Kd6 54. Ke4 Be5 55. Bf8+ Kd7 56. Bc5 h4 57. Bd4 Kd6 58. Bxe5+ fxe5 59. f6 1-0

[Event "NJSK 2023 Jeugd C"]
[Site "Almelo, Netherlands"]
[Date "2023.05.06"]
[Round "12.1"]
[White "Van Batenburg, Mees"]
[Black "Madularea, David"]
[Result "1-0"]
[TimeControl "90min/40moves + 30min + 30sec/move"]
[WhiteElo "2054"]
[BlackElo "1895"]

1. d4 Nf6 2. Nc3 d5 3.
Bf4 g6 4. e3 Bg7 5. h4 h5 6. Nf3 O-O 7. Qd2 Bf5 8. O-O-O a6 9. Ng5 c5 10. dxc5 e6 11.
Bd6 Re8 12. Kb1 b6 13. f3 Nbd7 14. c6 Nc5 15. Bxc5 bxc5 16. e4 dxe4 17. Qxd8 Rexd8 18. Rxd8+ Rxd8 19. fxe4 Nxe4 20. Ngxe4 Bxe4 21. c7 Rc8 22.
Nxe4 Rxc7 23. Bxa6 Rd7 24. Nxc5 Rd2 25. Bd3 Rxg2 26. a4 Bd4 27. Ne4 f5 28. Ng5 e5 29. Nf3 Rf2 30. Nxd4 exd4 31.
a5 1-0